 Dungeon Crawl Stone Soup version 0.30-a0-137-gd8773701ce (webtiles) character file.

Game seed: 15779143336289927397

21632 wilfster70 the Impaler (level 12, -8/88 HPs)
             Began as a Gargoyle Berserker on Sept 21, 2022.
             Was the Champion of Trog.
             Killed by divine providence
             ... invoked by a meliai
              (11 damage)
             ... on level 2 of the Lair of Beasts.
             The game lasted 00:28:44 (10896 turns).

wilfster70 the Impaler (Gargoyle Berserker)        Turns: 10896, Time: 00:28:44

Health: -8/88      AC: 34    Str: 26    XL:     12   Next: 92%
Magic:  12/12      EV:  7    Int:  8    God:    Trog [******]
Gold:   928        SH:  0    Dex:  9    Spells: 11/11 levels left

rFire   + . .      SeeInvis .    a - +5 glaive of the Guard {elec, spectral, AC+5}
rCold   + . .      Faith    .    (shield currently unavailable)
rNeg    + . .      Spirit   .    p - +3 plate armour {rF+}
rPois   ∞          Reflect  .    o - +1 helmet
rElec   +          Harm     .    t - +0 cloak
rCorr   .          Rampage  .    z - +0 pair of gloves
Will    ++...                    (no boots)
Stlth   ..........               (no amulet)
HPRegen 1.24/turn                d - ring of protection from cold
MPRegen 0.13/turn                f - ring of flight

@: strong-willed, flying, regenerating, studying Fighting
A: sickness immunity, AC +8, negative energy resistance 1, electricity
resistance, torment resistance 1, petrification resistance
a: Renounce Religion, Berserk, Trog's Hand, Brothers in Arms


You were on level 2 of the Lair of Beasts.
You worshipped Trog.
Trog was exalted by your worship.
You visited 2 branches of the dungeon, and saw 13 of its levels.
You also visited: Sewer and Ice Cave.

You collected 928 gold pieces.

Inventory:

Hand Weapons
 a - the +5 glaive of the Guard (weapon) {elec, spectral, AC+5}
   (You acquired it on level 5 of the Dungeon)

   It occasionally discharges a powerful burst of electricity upon striking a
   foe.
   When it strikes, its spirit leaps out and fights alongside the wielder.
   AC:        It affects your AC (+5).
 b - a +4 glaive of flaming
Armour
 o - a +1 helmet (worn)
 p - a +3 plate armour of fire resistance (worn)
 t - a +0 cloak (worn)
 z - a +0 pair of gloves (worn)
 F - +0 ice dragon scales
Jewellery
 d - a ring of protection from cold (left hand)
 e - a ring of positive energy
 f - a ring of flight (right hand)
 w - a ring of protection from fire
 A - a +6 ring of strength
Wands
 i - a wand of flame (2)
 l - a wand of paralysis (14)
 y - a wand of iceblast (5)
 B - a wand of mindburst (7)
Scrolls
 m - 2 scrolls of blinking
 q - 5 scrolls of fear
 r - a scroll of magic mapping
 s - a scroll of summoning
 v - a scroll of brand weapon
 x - a scroll of immolation {unknown}
 D - 8 scrolls of teleportation
Potions
 c - 5 potions of mutation
 g - 4 potions of heal wounds
 h - 2 potions of haste
 j - a potion of ambrosia
 k - 14 potions of curing
 n - 3 potions of resistance
 u - a potion of might
 C - a potion of magic


   Skills:
 + Level 15.2 Fighting
 * Level 15.3 Polearms
 - Level 7.0 Armour
 - Level 1.5 Dodging


You had 11 spell levels left.
You didn't know any spells.
Your spell library contained the following spells:

 Spells                   Type           Power      Damage    Failure   Level
 Apportation              Tloc           0%         N/A       99%         1
 Foxfire                  Conj/Fire      0%         2x1d4     99%         1
 Animate Armour           Summ/Erth      0%         N/A       100%        4
 Animate Dead             Necr           0%         N/A       100%        4
 Petrify                  Tmut/Erth      0%         N/A       100%        4
 Alistair's Intoxication  Tmut/Pois      0%         N/A       100%        5
 Blade Hands              Tmut           0%         N/A       100%        5
 Irradiate                Conj/Tmut      0%         3d11      100%        5
 Metabolic Englaciation   Hex/Ice        0%         N/A       100%        5
 Iron Shot                Conj/Erth      0%         9d1       100%        6
 Haunt                    Necr/Summ      0%         N/A       100%        7
 Monstrous Menagerie      Summ           0%         N/A       100%        7
 Spellforged Servitor     Conj/Summ      0%         N/A       100%        7
 Infestation              Necr           0%         N/A       100%        8
 Sublimation of Blood     Necr           Unusable   N/A       N/A         2
 Statue Form              Tmut/Erth      Unusable   N/A       N/A         6

Dungeon Overview and Level Annotations

Branches:
Dungeon (11/15)            Temple (0/1) D:4            Lair (2/5) D:10
    Orc (0/2) D:10          Sewer (visited)           IceCv (visited)
  Swamp: Lair:2-3    Shoals: Lair:2-3     Snake: Lair:2-3    Spider: Lair:2-3

Altars:
Cheibriados
Zin
Jiyva

Shops:
D:10 :


Innate Abilities, Weirdness & Mutations

You are immune to sickness and miasma.
Your stone body is resilient. (AC +8)
You are immune to poison.
You resist negative energy. (rN+)
You are resistant to electric shocks. (rElec)
You are resistant to unholy torment.
You are immune to petrification.


Message History

The killer bee closely misses you. The killer bee barely misses you.
A killer bee comes into view.
A meliai comes into view. It is wielding a +0 hand axe.
The killer bee stings you but does no damage.
You closely miss the killer bee.
The killer bee is moderately wounded.
Your +5 glaive of the Guard {elec, spectral, AC+5} hits the killer bee from afar!!
You kill the killer bee!
Trog accepts your kill.
The meliai buzzes angrily.
The water moccasin hisses angrily.
The meliai mumbles some strange prayers to its god against you.
Something smites you!
The killer bee stings you. x2; The wolf bites you.
The basilisk bites you but does no damage.
The killer bee barely misses you. The killer bee stings you.
* * * LOW HITPOINT WARNING * * *
A killer bee comes into view.
The meliai mumbles some strange prayers to its god against you.
Something smites you!
* * * LOW HITPOINT WARNING * * *
The wolf bites you.
* * * LOW HITPOINT WARNING * * *
The water moccasin barely misses you.
You are too injured to fight recklessly!
You are too injured to fight recklessly!
Okay, then.
Unknown command.
Your skin crawls.
You feel strong-willed.
The killer bee buzzes angrily.
The killer bee stings you but does no damage.
The wolf bites you!
* * * LOW HITPOINT WARNING * * *
The basilisk bites you but does no damage.
The water moccasin bites you.
* * * LOW HITPOINT WARNING * * *
A killer bee comes into view.
The killer bee stings you but does no damage.
The meliai mumbles some strange prayers to its god against you.
Something smites you!
You die... ... .... ^ .. .yy

. ..#.. Sy#..
...#####... #
......l.. #
##....§## #
#.yS#ly.# ##
###lh@y.##### .##
......yyy.#...##
#.##
.....#####.....##
#..### ..#.
#.......# #....#
... ##.....#####
##.### #.
##...#†...##
.#.## # .
#####††...##
.#..# .....
#§......# ...##
.....#####.....##


You could see a basilisk, 2 water moccasins, 2 wyverns, 2 meliai, a wolf and 7
killer bees.

Vanquished Creatures
  A reaper (IceCv)
  A two-headed ogre (D:11)
  The ghost of QuickerDeath the Black Sun, a novice HuNe of Kikubaaqudgha (D:8)
  2 ugly things
  A manticore (D:11)
  Joseph (D:7)
  2 ice statues (IceCv)
  2 vault sentinels (D:8)
  2 black mambas (Lair:1)
  Maggie (D:7)
  A rime drake (Lair:1)
  3 cane toads (Lair:1)
  4 ice devils (IceCv)
  An anaconda simulacrum (IceCv)
  2 komodo dragons
  2 trolls (D:11)
  A meliai (Lair:2)
  A slime creature (D:8)
  A hornet (D:4)
  Sigmund (D:6)
  25 yaks
  3 wyverns (D:9)
  2 steam dragons
  7 vampire mosquitoes (D:10)
  A death yak simulacrum (IceCv)
  Edmund (D:6)
  An acid dragon (D:10)
  6 water moccasins
  Duvessa (D:6)
  A black bear (D:6)
  2 ice beasts
  9 orc warriors
  4 wolves
  4 centaurs
  A phantom (D:5)
  8 bullfrogs
  A cane toad simulacrum (IceCv)
  2 two-headed ogre simulacra (IceCv)
  A scorpion (D:7)
  4 wights (D:8)
  Dowan (D:6)
  3 elephant simulacra (IceCv)
  20 killer bees
  6 electric eels
  2 howler monkeys
  4 hounds
  6 jellies
  Crazy Yiuf (D:6)
  6 orc priests
  A gnoll bouda (D:8)
  Ijyb (D:4)
  14 orc wizards
  Natasha (D:4)
  An iguana (D:5)
  3 polar bear simulacra (IceCv)
  6 spriggan simulacra (IceCv)
  Robin (D:4)
  16 gnolls
  A river rat (D:5)
  15 adders
  2 naga simulacra (IceCv)
  2 white imps (IceCv)
  An ufetubus (D:6)
  3 worms (D:5)
  2 dart slugs
  44 orcs
  2 endoplasms (D:1)
  9 giant cockroaches
  11 goblins
  11 hobgoblins
  13 jackals
  9 quokkas
  9 ball pythons
  5 bats
  9 frilled lizards
  4 kobolds
  4 rats
364 creatures vanquished.

Vanquished Creatures (others)
  A killer bee (Lair:2)
  12 plants
13 creatures vanquished.

Grand Total: 377 creatures vanquished

Notes
Turn   | Place    | Note
-------+----------+-------------------------------------------
     0 | D:1      | wilfster70 the Gargoyle Berserker began the quest for the
                  | Orb.
     0 | D:1      | Reached XP level 1. HP: 14/14 MP: 1/1
   452 | D:1      | Reached XP level 2. HP: 19/19 MP: 2/2
   855 | D:2      | Reached XP level 3. HP: 24/24 MP: 3/3
  1347 | D:2      | Reached ** piety under Trog
  1536 | D:3      | Reached XP level 4. HP: 25/29 MP: 4/4
  1863 | D:3      | HP: 1/29 [gnoll/+0 halberd (7)]
  2202 | D:3      | Reached XP level 5. HP: 30/33 MP: 5/5
  2619 | D:4      | Noticed a hornet
  2638 | D:4      | Killed a hornet
  2639 | D:4      | Reached XP level 6. HP: 19/39 MP: 6/6
  2907 | D:4      | Noticed Ijyb
  2925 | D:4      | Paralysed by Ijyb for 2 turns
  2945 | D:4      | Killed Ijyb
  2946 | D:4      | Reached skill level 5 in Polearms
  2952 | D:4      | Noticed Robin
  2975 | D:4      | Killed Robin
  3633 | D:4      | Reached skill level 5 in Fighting
  3698 | D:4      | Noticed Natasha
  3702 | D:4      | Killed Natasha
  3703 | D:4      | Reached XP level 7. HP: 44/44 MP: 7/7
  3858 | D:4      | Found a staircase to the Ecumenical Temple.
  3886 | D:5      | Entered Level 5 of the Dungeon
  3887 | D:5      | Identified a scroll of acquirement
  3887 | D:5      | Acquired the +5 glaive of the Guard {elec, spectral, AC+5}
  3887 | D:5      | Found the +5 glaive of the Guard {elec, spectral, AC+5}
  3941 | D:5      | Found a glowing drain.
  3946 | Sewer    | Entered a sewer
  3952 | Sewer    | Reached *** piety under Trog
  4265 | D:5      | Reached **** piety under Trog
  4266 | D:5      | Reached skill level 5 in Armour
  4315 | D:5      | Reached XP level 8. HP: 51/51 MP: 8/8
  4463 | D:5      | Found a glowing silver altar of Zin.
  4477 | D:5      | Identified the +5 whip "Demubom" {elec, rN+ Dex+7}
  4871 | D:6      | Noticed Edmund
  4878 | D:6      | Killed Edmund
  4944 | D:6      | Found a runed translucent door.
  4945 | D:6      | Noticed Crazy Yiuf
  4949 | D:6      | Killed Crazy Yiuf
  5101 | D:6      | Noticed Dowan
  5103 | D:6      | Noticed Duvessa
  5105 | D:6      | Killed Duvessa
  5106 | D:6      | Reached XP level 9. HP: 56/56 MP: 9/9
  5107 | D:6      | Killed Dowan
  5130 | D:6      | Noticed Sigmund
  5134 | D:6      | Killed Sigmund
  5140 | D:6      | Reached ***** piety under Trog
  5392 | D:7      | Noticed Maggie
  5398 | D:7      | Killed Maggie
  5499 | D:7      | Got Obienump's Compendium of Harmful Apparitions
  5662 | D:7      | Identified the +1 robe "Damnable Contraption" {rC+}
  5772 | D:7      | Noticed Joseph
  5784 | D:7      | Killed Joseph
  5785 | D:7      | Reached XP level 10. HP: 39/65 MP: 10/10
  5787 | D:7      | Reached skill level 10 in Polearms
  5978 | D:7      | Found a snail-covered altar of Cheibriados.
  6319 | D:8      | Noticed a vault sentinel
  6320 | D:8      | Noticed a vault sentinel
  6343 | D:8      | Killed a vault sentinel
  6346 | D:8      | Killed a vault sentinel
  6416 | D:8      | Found the +18 shield of the Gong {rElec rN+ Will+ EV-5}
  6437 | D:8      | Found a runed translucent gate.
  6437 | D:8      | Found a runed translucent gate.
  6438 | D:8      | Found a runed translucent gate.
  6439 | D:8      | Noticed QuickerDeath's ghost (novice HuNe)
  6441 | D:8      | Found a viscous altar of Jiyva.
  6450 | D:8      | Killed QuickerDeath's ghost
  6891 | D:8      | Reached skill level 10 in Fighting
  7056 | D:9      | Reached XP level 11. HP: 70/72 MP: 11/11
  7432 | D:9      | Received a gift from Trog
  7442 | D:9      | Acquired a manual of Fighting
  7666 | D:10     | Entered Level 10 of the Dungeon
  7827 | D:10     | Noticed a red ugly thing
  7834 | D:10     | Killed a red ugly thing
  7983 | D:10     | Found a staircase to the Orcish Mines.
  8046 | D:10     | Found Ocycomimoi's Book Boutique.
  8174 | D:10     | Found a staircase to the Lair.
  8524 | D:11     | Reached ****** piety under Trog
  8560 | D:11     | Noticed a manticore
  8564 | D:11     | Killed a manticore
  8690 | D:11     | Noticed a two-headed ogre
  8693 | D:11     | Reached XP level 12. HP: 82/82 MP: 12/12
  8697 | D:11     | Killed a two-headed ogre
  9239 | Lair:1   | Entered Level 1 of the Lair of Beasts
  9355 | Lair:1   | You are sucked into a shaft and drop 1 floor!
  9382 | Lair:1   | Found a frozen archway.
  9391 | IceCv    | Entered an ice cave
  9700 | IceCv    | Noticed a reaper
  9710 | IceCv    | Killed a reaper
  9881 | IceCv    | Received a gift from Trog
 10066 | Lair:1   | Reached skill level 15 in Polearms
 10170 | Lair:1   | Identified the +4 trident "Oxtic" {venom, Will+ Dex+4}
 10342 | Lair:1   | Reached skill level 15 in Fighting
 10896 | Lair:2   | HP: 3/88 [water moccasin (2)]
 10896 | Lair:2   | Killed from afar by a meliai

Illustrated notes

Levels and vault maps discovered:
D:1:      dpeg_arrival_court, layout_basic
D:2:      layout_basic, serial_corexii_hall, chequers_hall_statues_y,
          chequers_hall_statues_wall_a, minmay_large_rounded_square
D:3:      layout_basic, hangedman_decor_points, minmay_fractal_squares_gapless_5
D:4:      layout_loops_ring, minmay_temple_entry_poolview, grunt_ministairs_8,
          uniq_natasha, uniq_robin, uniq_ijyb
D:5:      layout_gridville, mainiacjoe_overflow_small_starburst,
          lightli_sewer_entry_pipes
D:6:      layout_rooms, uniq_crazy_yiuf_cottage, uniq_edmund, uniq_sigmund,
          uniq_duvessa
D:7:      layout_cave_pools, kennysheep_mini, minmay_puff, uniq_maggie,
          uniq_joseph
D:8:      layout_basic, gammafunk_ghost_ooze, hellmonk_guarded_unrand_gong
D:9:      layout_loops_cross
D:10:     layout_roguey, dpeg_oklobed_lair, david_orc_4, serial_shops,
          nicolae_shop_behind_doors, kennysheep_boxes
D:11:     layout_layer_cave, minmay_misc_feat_room, serial_bayou_lagoon_a
Lair:1:   layout_cave_pods, portal_ice_cave_entry_pillars_1
Lair:2:   regret_index_combs_of_tragedy, layout_loops_ring,
          palyth_hydra_swamp_entry

Skill      XL: |  1  2  3  4  5  6  7  8  9 10 11 12 |
---------------+-------------------------------------+-----
Polearms       | 3 4 5 6 7 9 11 13 15 | 15.3
Armour         | 3 4 5 6 7 |  7.0
Fighting       | 4 5 6 8 10 12 15 | 15.2
Dodging        | |  1.5

Action                   |  1- 3 |  4- 6 |  7- 9 | 10-12 || total
-------------------------+-------+-------+-------+-------++-------
Melee: Spear             |   139 |   244 |     4 |       ||   387
       Punch             |     3 |     3 |       |       ||     6
       Glaive            |       |       |   143 |   304 ||   447
Invok: Berserk           |     1 |     7 |       |     3 ||    11
       Trog's Hand       |       |     1 |       |     3 ||     4
  Use: Scroll            |    11 |     6 |     4 |     9 ||    30
       Potion            |       |     1 |       |       ||     1
 Stab: Distracted        |       |       |       |     4 ||     4
Armor: Chain mail        |    86 |   114 |    17 |       ||   217
       Animal skin       |     1 |       |       |       ||     1
       Plate armour      |       |       |    42 |   221 ||   263
Dodge: Dodged            |    58 |    75 |    39 |    75 ||   247

Table legend: (Time is in decaauts)
 A = Elapsed time spent in this place.
 B = Non-inter-level travel time spent in this place.
 C = Inter-level travel time spent in this place.
 D = Time resting spent in this place.
 E = Time spent auto-exploring this place.
 F = Levels seen in this place.
 G = Mean time per level.
                   A        B        C        D        E       F      G
               +--------+--------+--------+--------+--------+-----+--------+
         Total |  10999 |  10690 |    309 |   1334 |   4690 |  15 |  733.3 |
       Dungeon |   9113 |   8849 |    264 |    988 |   4056 |  11 |  828.5 |
          Lair |   1016 |    972 |     44 |      0 |    634 |   2 |  508.0 |
         Sewer |    215 |    215 |      0 |      0 |      0 |   1 |  215.0 |
      Ice Cave |    654 |    654 |      0 |    346 |      0 |   1 |  654.0 |
               +--------+--------+--------+--------+--------+-----+--------+

Top non-repeatable levels by time:
     D:4: 1306 daAuts
     D:3: 1128 daAuts
     D:8: 945 daAuts
  Lair:1: 884 daAuts
     D:1: 807 daAuts
     D:5: 798 daAuts
    D:11: 794 daAuts
    D:10: 781 daAuts
     D:7: 733 daAuts
     D:2: 660 daAuts
   IceCv: 654 daAuts
     D:9: 631 daAuts
     D:6: 527 daAuts
   Sewer: 215 daAuts
  Lair:2: 131 daAuts
